 Dungeon Crawl Stone Soup version 0.15-a0-641-g6eae419 (console) character file.

4074 xw the Cleaver (level 10, -6/83 HPs)
             Began as a Minotaur Fighter on May 8, 2014.
             Was a Priest of Cheibriados.
             Mangled by Gastronok (17 damage)
             ... on Level 8 of the Dungeon.
             The game lasted 00:03:53 (9363 turns).

xw the Cleaver (Minotaur Fighter)                   Turns: 9363, Time: 00:03:53

HP  -6/83        AC 16     Str 32      XL: 10   Next:  5%
MP   1/11        EV  5     Int 12      God: Cheibriados [***...]
Gold 349         SH 22     Dex 16      Spells:  0 memorised,  9 levels left

rFire  . . .     SeeInvis .     Y - +0,-1 war axe {mapnotes,}
rCold  . . .     Clarity  .     f - +0 plate armour
rNeg   . . .     Conserve .     c - +0 shield
rPois  .         rCorr    .     (helmet restricted)
rElec  .         rRot     .     r - +2 cloak
SustAb . .       Spirit   .     (no gloves)
rMut   .         Warding  .     (no boots)
Saprov . . .     Stasis   .     (no amulet)
MR     .....                    (no ring)
                                j - +5,+2 ring of slaying

@: glowing, very slow, not resistant to hostile enchantments, extremely
unstealthy
A: retaliatory headbutt, horns 2
a: Bend Time, Temporal Distortion, Renounce Religion


You were on level 8 of the Dungeon.
You worshipped Cheibriados.
Cheibriados was most pleased with you.
You were not hungry.

You visited 2 branches of the dungeon, and saw 9 of its levels.
You also visited: Sewer.

You collected 349 gold pieces.

Inventory:

Hand weapons
 Y - a +0,-1 war axe (weapon) {mapnotes,}
Missiles
 a - 8 poisoned darts
 h - 192 stones (quivered)
 l - 36 darts
Armour
 c - a +0 shield (worn)
 f - a +0 plate armour (worn)
 r - a +2 cloak (worn)
Magical devices
 s - a wand of fire (4)
Comestibles
 d - 5 bread rations
 g - a pear
 k - a choko
 o - 2 meat rations
 q - 2 honeycombs
 u - 4 rotting chunks of hippogriff flesh
 x - 2 beef jerkies
 z - 9 cheeses
Scrolls
 b - 2 scrolls of amnesia
 i - 2 scrolls of fog
 m - 4 scrolls of remove curse
 n - 7 scrolls of identify
Jewellery
 j - a +5,+2 ring of slaying (left hand)
Potions
 e - 5 potions of might
 p - 2 potions of curing


   Skills:
 + Level 6.1 Fighting
 * Level 12.1 Axes
 + Level 6.9 Throwing
 + Level 6.5 Armour
 - Level 3.6 Shields
 + Level 4.1 Invocations


You had 9 spell levels left.
You didn't know any spells.

Dungeon Overview and Level Annotations

Branches:
Dungeon (8/15)             Temple (1/1) D:4
   Lair: D:8-11

Altars:
Cheibriados
Dithmenos
Fedhas
Gozag
Kikubaaqudgha
Makhleb
Nemelex Xobeh
Okawaru
Qazlal
Vehumet
Xom
Yredelemnul
Zin
The Shining One

Shops:
D:5 *   D:7 [

Annotations:
D:8 Gastronok


Innate Abilities, Weirdness & Mutations

You reflexively headbutt those who attack you in melee.
You have a pair of horns on your head.


Message History

9349 ||| Bend Time
9350 ||| turn
9351 ||| turn
9352 ||| turn
9353 ||| turn The gnoll shaman calls down the wrath of its god upon you.
9354 ||| turn
9355 ||| turn
9355 ||| Bend Time
9356 ||| turn
9357 ||| turn Gastronok mumbles some strange words.
9358 ||| turn
9358 ||| HEALING POTION p
9359 ||| turn
9360 ||| turn
9361 ||| turn
9362 ||| turn
9363 ||| turn You die...

######### ###
#....%..########..
#.#.###.'.........
. #.#.#
#.########.. ...
###.# #.# #..
......##)..# #.#
#.. ..(....)H###
#.# #.. ......#wy#
..# #.. .?.....yy
..# #.. ..#.###.##
#.# ### # #.# #.#
### #(# #.# #..
... #.# #.# ##'#
... #...


You could see Gastronok and 3 killer bees.

Vanquished Creatures
  Pikel (D:8)
  A hog (D:7)
  A human (D:7)
  The ghost of xw the Chopper, an average MiFi (D:4)
  Edmund (D:4)
  Menkaure (D:5)
  A hippogriff (D:8)
  A black bear (D:4)
  A sky beast (D:5)
  A slave (D:8)
  A water moccasin (D:6)
  2 ogres
  A phantom (D:7)
  Duvessa (D:4)
  A gnoll sergeant (D:7)
  Blork the orc (D:5)
  A jelly (D:5)
  A scorpion (D:5)
  3 giant frogs
  4 wights (D:7)
  The ghost of xw the Chopper, a weakling MiFi (D:3)
  6 killer bees (D:8)
  Dowan (D:4)
  2 crimson imps
  A quasit (D:7)
  4 hounds
  2 orc priests
  A goliath beetle (D:8)
  A gnoll shaman (D:8)
  Crazy Yiuf (D:2)
  An iguana (D:6)
  5 orc wizards
  5 worker ants
  Ijyb (D:4)
  Jessica (D:3)
  3 sheep (D:7)
  8 green rats
  15 adders
  12 gnolls
  3 shadow imps
  An inept item mimic (Sewer)
  10 worms
  6 giant geckos
  12 orcs
  15 ball pythons
  15 bats
  A bat skeleton (D:5)
  8 giant cockroaches
  14 goblins
  8 hobgoblins
  3 jackals (D:4)
  15 kobolds
  6 quokkas
  6 giant newts
  A goblin skeleton (D:4)
  A jackal skeleton (D:5)
  3 orc zombies (D:8)
  43 rats
  A rat skeleton (D:6)
269 creatures vanquished.

Vanquished Creatures (others)
  A centaur (D:8)
  An iguana (D:8)
  A sky beast zombie (D:8)
  A hound skeleton (D:8)
  A bat (D:8)
  A giant cockroach (D:8)
  A rat (D:8)
7 creatures vanquished.

Grand Total: 276 creatures vanquished

Notes
Turn   | Place    | Note
--------------------------------------------------------------
     0 | D:1      | xw, the Minotaur Fighter, began the quest for the Orb.
     0 | D:1      | Reached XP level 1. HP: 19/19 MP: 1/1
    41 | D:1      | Fleeing towards (-1,2) corridor
   121 | D:1      | Reached skill level 1 in Throwing
   121 | D:1      | Reached XP level 2. HP: 19/26 MP: 1/1
   473 | D:1      | Fleeing towards (1,0) corridor
   709 | D:1      | TESTING SCROLLS
   710 | D:1      | TESTING SCROLLS
   711 | D:1      | TESTING SCROLLS
   712 | D:1      | Dropping junk: rotting chunk of rat flesh
   713 | D:1      | New armour: plate armour (1210)
   713 | D:1      | Old armour: +0 scale mail (960)
   730 | D:1      | Dropping junk armour
  1031 | D:2      | Reached XP level 3. HP: 31/31 MP: 2/2
  1222 | D:2      | Reached skill level 4 in Axes
  1467 | D:2      | Noticed Crazy Yiuf
  1477 | D:2      | Killed Crazy Yiuf
  1477 | D:2      | Reached XP level 4. HP: 35/39 MP: 2/2
  1613 | D:2      | Fleeing towards (4,-1) corridor
  1614 | D:2      | Fleeing towards (2,0) corridor
  1759 | D:2      | WEARING RING 1 marble ring
  1760 | D:2      | TESTING POTIONS
  1761 | D:2      | TESTING POTIONS
  1762 | D:2      | TESTING SCROLLS
  1763 | D:2      | TESTING SCROLLS
  1764 | D:2      | TESTING SCROLLS
  1765 | D:2      | TESTING SCROLLS
  1766 | D:2      | Dropping junk: scroll of noise
  1784 | D:2      | Dropping junk: rotting chunk of quokka flesh
  1785 | D:2      | New armour: cloak (10)
  1787 | D:2      | TRYING WAND
  1852 | D:3      | Noticed Jessica
  1853 | D:3      | Fleeing towards (-1,3) corridor
  1856 | D:3      | Killed Jessica
  1856 | D:3      | Reached skill level 5 in Axes
  1893 | D:3      | Noticed xw's ghost (weakling MiFi)
  1904 | D:3      | Killed xw's ghost
  1904 | D:3      | Reached XP level 5. HP: 30/45 MP: 2/2
  2025 | D:3      | Found an opulent altar of Gozag.
  2358 | D:3      | Found a glowing drain.
  2385 | Sewer    | Entered a sewer
  2398 | Sewer    | found mon behind water/lava
  2398 | Sewer    | ZAP ZAP ZAP
  2398 | Sewer    | ZAPPING wand of flame {zapped: 1}
  2399 | Sewer    | found mon behind water/lava
  2399 | Sewer    | ZAP ZAP ZAP
  2399 | Sewer    | ZAPPING wand of flame {zapped: 2}
  2401 | Sewer    | found mon behind water/lava
  2401 | Sewer    | ZAP ZAP ZAP
  2401 | Sewer    | ZAPPING wand of flame {zapped: 3}
  2402 | Sewer    | found mon behind water/lava
  2402 | Sewer    | ZAP ZAP ZAP
  2402 | Sewer    | ZAPPING wand of flame {zapped: 4}
  2404 | Sewer    | found mon behind water/lava
  2404 | Sewer    | ZAP ZAP ZAP
  2404 | Sewer    | ZAPPING wand of flame {zapped: 5}
  2406 | Sewer    | found mon behind water/lava
  2406 | Sewer    | ZAP ZAP ZAP
  2406 | Sewer    | ZAPPING wand of flame {zapped: 6}
  2407 | Sewer    | FLEEEEING
  2408 | Sewer    | found mon behind water/lava
  2408 | Sewer    | ZAP ZAP ZAP
  2408 | Sewer    | ZAPPING wand of flame {zapped: 7}
  2409 | Sewer    | found mon behind water/lava
  2409 | Sewer    | ZAP ZAP ZAP
  2409 | Sewer    | ZAPPING wand of flame {zapped: 8}
  2410 | Sewer    | found mon behind water/lava
  2410 | Sewer    | ZAP ZAP ZAP
  2410 | Sewer    | ZAPPING wand of flame {zapped: 9}
  2411 | Sewer    | found mon behind water/lava
  2411 | Sewer    | ZAP ZAP ZAP
  2411 | Sewer    | ZAPPING wand of flame {zapped: 10}
  2412 | Sewer    | TESTING SCROLLS
  2413 | Sewer    | ZAP ZAP ZAP
  2413 | Sewer    | ZAPPING wand of flame {zapped: 11}
  2414 | Sewer    | found mon behind water/lava
  2414 | Sewer    | ZAP ZAP ZAP
  2414 | Sewer    | ZAPPING wand of flame {zapped: 12}
  2415 | Sewer    | TRYING WAND
  2453 | Sewer    | Reached skill level 6 in Axes
  2485 | Sewer    | found mon behind water/lava
  2485 | Sewer    | ZAP ZAP ZAP
  2485 | Sewer    | ZAPPING wand of flame {zapped: 13}
  2486 | Sewer    | found mon behind water/lava
  2486 | Sewer    | ignoring rat
  2486 | Sewer    | found mon behind water/lava
  2509 | Sewer    | found mon behind water/lava
  2516 | Sewer    | found mon behind water/lava
  2547 | Sewer    | found mon behind water/lava
  2550 | Sewer    | found mon behind water/lava
  2551 | Sewer    | found mon behind water/lava
  2555 | Sewer    | ignoring green rat
  2555 | Sewer    | found mon behind water/lava
  2555 | Sewer    | found mon behind water/lava
  2690 | Sewer    | Reached XP level 6. HP: 45/51 MP: 3/3
  2720 | Sewer    | found mon behind water/lava
  2725 | Sewer    | found mon behind water/lava
  2869 | Sewer    | Reached skill level 7 in Axes
  2990 | Sewer    | TESTING POTIONS
  2991 | Sewer    | TESTING POTIONS
  2992 | Sewer    | TESTING POTIONS
  2993 | Sewer    | TESTING POTIONS
  2994 | Sewer    | TESTING SCROLLS
  2995 | Sewer    | TESTING SCROLLS
  2996 | Sewer    | TESTING SCROLLS
  2997 | Sewer    | Dropping junk: wand of random effects {zapped: 1}
  2998 | Sewer    | Dropping junk: scroll of magic mapping
  2999 | Sewer    | Dropping junk: rotting chunk of giant newt flesh
  3000 | Sewer    | Dropping junk: wand of flame {empty}
  3563 | D:4      | Noticed Ijyb
  3564 | D:4      | Fleeing towards (-1,0) corridor
  3565 | D:4      | Fleeing towards (-1,1) corridor
  3571 | D:4      | Killed Ijyb
  3632 | D:4      | Found a staircase to the Ecumenical Temple.
  3701 | D:4      | Reached XP level 7. HP: 57/57 MP: 3/3
  3729 | D:4      | Reached skill level 8 in Axes
  3862 | D:4      | Found a shimmering altar of Xom.
  3975 | D:4      | Noticed xw's ghost (average MiFi)
  3998 | D:4      | Killed xw's ghost
  4243 | D:4      | Noticed Dowan
  4245 | D:4      | Noticed Duvessa
  4256 | D:4      | Killed Duvessa
  4256 | D:4      | Reached skill level 9 in Axes
  4259 | D:4      | Killed Dowan
  4358 | D:4      | Noticed Edmund
  4381 | D:4      | Killed Edmund
  4381 | D:4      | Reached skill level 5 in Throwing
  4381 | D:4      | Reached XP level 8. HP: 51/64 MP: 3/3
  4549 | D:4      | Found Temple
  4554 | Temple   | Entered the Ecumenical Temple
  5057 | D:4      | TESTING SCROLLS
  5058 | D:4      | Enchanting +0 cloak
  5094 | D:5      | Entered Level 5 of the Dungeon
  5142 | D:5      | Found a snail-covered altar of Cheibriados.
  5146 | D:5      | Became a worshipper of Cheibriados the Contemplative
  5172 | D:5      | Noticed Blork the orc
  5177 | D:5      | Bend Time
  5178 | D:5      | Bend Time
  5179 | D:5      | Bend Time
  5182 | D:5      | Noticed Menkaure
  5182 | D:5      | Killed Blork the orc
  5189 | D:5      | Killed Menkaure
  5189 | D:5      | Reached skill level 10 in Axes
  5312 | D:5      | HEAL WOUNDS
  5317 | D:5      | HEAL WOUNDS
  5625 | D:5      | Found Gozag's Nutrition Petition.
  5626 | D:5      | Found an opulent altar of Gozag.
  5997 | D:5      | Reached skill level 1 in Invocations
  6362 | D:5      | WEARING RING 2 gilded ring
  6364 | D:5      | Dropping junk: +3 ring of intelligence
  7398 | D:6      | TESTING POTIONS
  7399 | D:6      | SGrunt: xwxwxw
  7412 | D:7      | Found a stormy altar of Qazlal.
  7449 | D:7      | Reached XP level 9. HP: 72/72 MP: 6/6
  7509 | D:7      | Reached skill level 11 in Axes
  7562 | D:7      | Bend Time
  7564 | D:7      | Reached skill level 5 in Armour
  7614 | D:7      | Bend Time
  7619 | D:7      | Bend Time
  7828 | D:7      | Found an iron altar of Okawaru.
  7885 | D:7      | Reached skill level 5 in Fighting
  7939 | D:7      | Found Mnuosiod's Armour Boutique.
  8115 | D:7      | Found a burning altar of Makhleb.
  8268 | D:7      | ignoring sheep
  8268 | D:7      | ignoring hog
  8268 | D:7      | ignoring human
  8282 | D:7      | Acquired Cheibriados' first power
  8449 | D:7      | WEARING RING 2 glowing gilded ring
  8450 | D:7      | TESTING POTIONS
  8492 | D:7      | Dropping junk: rotting chunk of sheep flesh
  8493 | D:7      | Dropping junk: ring of magical power
  8496 | D:7      | Enchanting +1 cloak
  8497 | D:7      | SGrunt: xwxwxwxwxwxw
  8525 | D:8      | Noticed Gastronok
  8527 | D:8      | Bend Time
  8528 | D:8      | Bend Time
  8529 | D:8      | Bend Time
  8545 | D:8      | Bend Time
  8548 | D:8      | READING TELEPORT
  8551 | D:8      | Noticed Pikel
  8551 | D:8      | READING TELEPORT
  8554 | D:8      | HP: 3/74 [orc/mace (6)]
  8717 | D:8      | Bend Time
  8720 | D:8      | Bend Time
  8721 | D:8      | Bend Time
  8723 | D:8      | Killed Pikel
  9096 | D:8      | Bend Time
  9101 | D:8      | Reached skill level 12 in Axes
  9247 | D:8      | Bend Time
  9340 | D:8      | Reached XP level 10. HP: 38/83 MP: 11/11
  9341 | D:8      | HEAL WOUNDS
  9346 | D:8      | Bend Time
  9347 | D:8      | Bend Time
  9349 | D:8      | Bend Time
  9355 | D:8      | Bend Time
  9358 | D:8      | HEALING POTION p
  9363 | D:8      | Mangled by Gastronok

Action                   |  1- 3 |  4- 6 |  7- 9 | 10-12 || total
-------------------------+-------+-------+-------+-------++-------
Melee: War axe           |    71 |   175 |   292 |    17 ||   555
Throw: Stone             |    54 |    85 |   185 |       ||   324
Invok: Bend Time         |       |       |    13 |     4 ||    17
Evoke: Wand              |       |    14 |       |       ||    14
  Use: Scroll            |     3 |     8 |     6 |       ||    17
       Potion            |       |     6 |     4 |     2 ||    12

Vault maps used:
D:1:      matt_arrival_spirals
D:2:      grunt_ministairs_6, uniq_crazy_yiuf_cottage
D:3:      lemuel_crystal_altar, portal_sewer_entry_f, uniq_jessica
D:4:      black_bear_nest_2, nicolae_overflow_hidden_temple,
          minmay_temple_entry_trees, first_bread, minmay_curled_crystal,
          uniq_iyjb, uniq_edmund, uniq_duvessa
D:5:      overflow_temple_1_default, grunt_gozag_potion_petition,
          uniq_blork_the_orc, uniq_menkaure
D:7:      makhleb_grotto_becter, grunt_qazlal_sundering,
          okawaru_ov_weapons_minmay, serial_shops, nicolae_shop_trees,
          grunt_livestock
D:8:      kennysheep_mini_moat, minmay_misc_feat_roman, minmay_joined_circles,
          uniq_gastronok, uniq_pikel
Temple:   minmay_temple_bridge_d_8
Sewer:    sewer_minmay_w
